cohdb
Replays
Latest Replays
All Replays
Popular Replays
Top Player Replays
Match Explorer
How It Works
Community
CoH3 Stats
Reddit
Sign in to upload your games and track your stats! →
Sign in with Steam
Match 47208485
Unlisted
Match 47208485
Overview
Messages
Build Orders
End
Construct Infanterie Kompanie
Construct Infanterie Kompanie
Pioneer Squad
Selects Terror Battlegroup
Selects Machine Gun Camouflage
MG 42 Machine Gun Team
Grenadier Squad
Grenadier Squad
Medical Station
Construct Luftwaffe Kompanie
Support Elements
Jäger Squad
Wirbelwind Flakpanzer
Jäger Squad
Jäger Squad
Selects Defend the Fatherland
Jäger Squad
Lord Hater
东大劳动法
lanyangyang
那么唯一
SSS
Cylar
JVM
Cheeki Bяeeki
0
0
Comments
sign in to comment!
No comments posted yet!